 Dungeon Crawl Stone Soup version 0.25-a0-713-g4845790874 (webtiles) character file.

Game seed: 13987371576482504088, levelgen mode: deterministic

60 Conn the Magician (level 4, 0/28 HPs)
             Began as an Octopode Wizard on Apr 5, 2020.
             Slain by a leopard gecko (3 damage)
             ... on level 3 of the Dungeon.
             The game lasted 00:10:31 (2838 turns).

Conn the Magician (Octopode Wizard)                 Turns: 2838, Time: 00:10:31

Health: 0/28       AC:  1    Str:  6    XL:     4   Next: 6%
Magic:  1/9        EV: 12    Int: 21    God:
Gold:   84         SH:  3    Dex: 10    Spells: 2/10 levels left

rFire    . . .     SeeInvis .   b - +0 dagger
rCold    . . .     Gourm    .   k - +0 buckler (curse)
rNeg     . . .     Faith    .   a - +0 hat
rPois    .         Spirit   .   (no amulet)
rElec    .         Reflect  .   d - ring of wizardry
rCorr    .         Harm     .   m - ring of attention (curse)
MR       .....                  (no ring)
Stlth    ++........             (no ring)
HPRegen  0.09/turn              (no ring)
MPRegen  0.11/turn              (no ring)
                                (no ring)
                                (no ring)

@: stab, very slightly contaminated
A: almost no armour, stealthy swim, amphibious, 8 rings, constrict 8, camouflage
1, gelatinous body 1
a: no special abilities


You were on level 3 of the Dungeon.
You were not hungry.

You visited 1 branch of the dungeon, and saw 3 of its levels.

You collected 84 gold pieces.

Inventory:

Hand Weapons
 b - a +0 dagger (weapon)
Armour
 a - a +0 hat (worn)
 k - a cursed +0 buckler (worn)
Jewellery
 d - a ring of wizardry (left tentacle)
 m - a cursed ring of attention (right tentacle)
Scrolls
 e - 3 scrolls of identify
 h - a scroll of magic mapping
Potions
 f - a potion of mutation
 l - a potion of resistance {unknown}
Comestibles
 c - 3 rations
 j - 3 chunks of flesh


   Skills:
 * Level 1.1 Fighting
 + Level 1.1 Short Blades
 + Level 2.2 Dodging
 - Level 2.9 Stealth
 * Level 0.2 Shields
 * Level 3.7 Spellcasting
 + Level 1.2 Conjurations
 + Level 1.1 Summonings
 + Level 1.0 Translocations


You had 2 spell levels left.
You knew the following spells:

 Your Spells              Type           Power        Failure   Level  Hunger
a - Magic Dart            Conj           #...         4%          1    None
b - Blink                 Tloc           N/A          9%          2    ##.....
c - Call Imp              Summ           #.......     8%          2    ##.....
d - Conjure Flame         Conj/Fire      #.......     19%         3    ###....

Your spell library contained the following spells:

 Spells                   Type           Power        Failure   Level  Hunger
 Slow                     Hex            #.......     12%         2    ##.....
 Mephitic Cloud           Conj/Pois/Air  #.......     21%         3    ###....


Dungeon Overview and Level Annotations

Branches:
Dungeon (3/15)

Altars:


Innate Abilities, Weirdness & Mutations

You cannot wear most types of armour.
You are very stealthy in the water. (Stealth+)
You are amphibious.
You can wear up to eight rings at the same time.
You can use your tentacles to constrict eight enemies at once.
Your skin changes colour to match your surroundings (Stealth+).
Your rubbery body absorbs attacks. (AC +1, EV +1)


Message History

Okay, then.
Casting: Blink (safe; 9% risk of failure)
Confirm with . or Enter, or press ? or * to list all spells.
You blink.
The goblin barely misses you. The orc hits you but does no damage.
Your crimson imp closely misses the leopard gecko.
Casting: Blink (safe; 9% risk of failure)
Confirm with . or Enter, or press ? or * to list all spells.
You blink.
The leopard gecko hisses menacingly.
The leopard gecko barely misses you.
The goblin hits your crimson imp but does no damage.
You block the orc's attack.
Your crimson imp misses the leopard gecko.
Your crimson imp hits the leopard gecko.
The orc closely misses your crimson imp.
There is a stone staircase leading up, spattered with blood here.
It was a potion of stabbing.
You feel ready to backstab. The leopard gecko bites you.
You die...

#.##.#
#.##l#
#...5#
#.#### ##.##
##.ho#######
#..g5.......
##ol.#######
##@## ###


You could see 2 orcs, a leopard gecko, a jackal, a goblin and a friendly crimson
imp.

Vanquished Creatures
  An adder (D:2)
  A dart slug (D:1)
  2 leopard geckos (D:2)
  An orc (D:2)
  2 giant cockroaches (D:1)
  8 goblins
  2 hobgoblins
  4 jackals (D:2)
  7 bats
  4 frilled lizards
  7 kobolds
  A rat (D:1)
40 creatures vanquished.

Vanquished Creatures (collateral kills)
  An adder (D:2)
  A goblin (D:1)
2 creatures vanquished.

Grand Total: 42 creatures vanquished

Notes
Turn   | Place    | Note
-------+----------+-------------------------------------------
     0 | D:1      | Conn the Octopode Wizard began the quest for the Orb.
     0 | D:1      | Reached XP level 1. HP: 11/11 MP: 4/4
   510 | D:2      | Reached XP level 2. HP: 9/17 MP: 1/6
   660 | D:2      | Learned a level 2 spell: Blink
   663 | D:2      | Learned a level 2 spell: Call Imp
  1827 | D:2      | Reached XP level 3. HP: 22/22 MP: 3/7
  2596 | D:2      | Reached skill level 1 in Short Blades
  2634 | D:2      | Reached skill level 1 in Fighting
  2634 | D:2      | Reached XP level 4. HP: 21/28 MP: 6/9
  2781 | D:2      | Learned a level 3 spell: Conjure Flame
  2838 | D:3      | Slain by a leopard gecko

Levels and vault maps discovered:
D:1:      dpeg_arrival_chambers_temple_mockup, layout_loops_ring
D:2:      layout_loops_ring
D:3:      layout_loops_ring, hex_large, trog_wizard, uniq_crazy_yiuf_cottage

Skill      XL: |  1  2  3 |
---------------+----------+-----
Short Blades   | 1 |  1.1
Fighting       | 1 |  1.1
Dodging        | |  2.2
Stealth        | |  2.9
Shields        | |  0.2
Spellcasting   | |  3.7
Conjurations   | |  1.2
Summonings     | |  1.1
Translocations | |  1.0

Action                   |  1- 3 |  4- 6 || total
-------------------------+-------+-------++-------
Melee: Dagger            |    47 |     2 ||    49
       Tentacles         |     7 |       ||     7
       Constrict         |    12 |     1 ||    13
 Cast: Magic Dart        |    59 |     4 ||    63
       Call Imp          |     3 |     1 ||     4
       Blink             |     1 |     2 ||     3
  Use: Scroll            |     3 |       ||     3
       Potion            |     1 |     2 ||     3
 Stab: Sleeping          |     4 |       ||     4
  Eat: Chunk             |     5 |     1 ||     6
Armor: Skin              |     5 |       ||     5
Dodge: Dodged            |    45 |     4 ||    49
Block: Buckler           |     1 |     2 ||     3

Table legend:
 A = Non-vault XP
 B = Vault XP
 C = Vault XP percentage of total XP
 D = Non-vault monster count
 E = Vault monster count
 F = Vault count percentage of total count
                 A         B        C        D         E       F
            +---------+---------+-------+---------+---------+-------
      Total |      87 |       0 |   0.0 |      42 |       0 |   0.0
            +---------+---------+-------+---------+---------+-------
        D:1 |      30 |       0 |   0.0 |      20 |       0 |   0.0
        D:2 |      53 |       0 |   0.0 |      20 |       0 |   0.0
        D:3 |       4 |       0 |   0.0 |       2 |       0 |   0.0
            +---------+---------+-------+---------+---------+-------
